 Dungeon Crawl Stone Soup version 0.22.1-2-g9c5b331 (webtiles) character file.

93 JustSomeDude the Scholar of Death (level 4, -6/30 HPs)
             Began as a Mummy Necromancer on Dec 28, 2018.
             Was a Follower of Kikubaaqudgha.
             Mangled by Sigmund
             ... wielding a +0 scythe
              (9 damage)
             ... on level 3 of the Dungeon.
             The game lasted 00:13:10 (1717 turns).

JustSomeDude the Scholar of Death (MuNe)            Turns: 1717, Time: 00:13:11

Health: -6/30      AC:  3    Str: 11    XL:     4   Next: 37%
Magic:  4/10       EV: 12    Int: 15    God:    Kikubaaqudgha [*.....]
Gold:   68         SH:  0    Dex: 12    Spells: 6/11 levels left

rFire    x . .     SeeInvis .   (no weapon)
rCold    + . .     Gourm    .   (no shield)
rNeg     + + +     Faith    .   a - +0 robe
rPois    ∞         Spirit   .   (no helmet)
rElec    .         Reflect  .   b - +0 cloak
rCorr    .         Harm     .   (no gloves)
MR       .....                  (no boots)
Stlth    ++........             d - amulet of magic regeneration
HPRegen  0.10/turn              (no ring)
MPRegen  0.12/turn              (no ring)

@: no status effects
A: no food or potions, fire vulnerability, cold resistance 1, negative energy
resistance 3, torment resistance, unbreathing
a: Receive Corpses, Renounce Religion


You were on level 3 of the Dungeon.
You worshipped Kikubaaqudgha.
Kikubaaqudgha was aware of your devotion.
You were not hungry.

You visited 1 branch of the dungeon, and saw 3 of its levels.

You collected 68 gold pieces.

Inventory:

Armour
 a - a +0 robe (worn)
 b - a +0 cloak (worn)
Jewellery
 d - an amulet of magic regeneration (around neck)
 e - an uncursed amulet of rage {unknown}
 f - an uncursed amulet of harm {unknown}


   Skills:
 + Level 0.2 Fighting
 + Level 1.8 Dodging
 + Level 1.6 Stealth
 + Level 0.2 Unarmed Combat
 + Level 4.2 Spellcasting
 + Level 5.0 Necromancy


You had 6 spell levels left.
You knew the following spells:

 Your Spells              Type           Power        Failure   Level  Hunger
a - Pain                  Necr           ###.         2%          1    N/A
b - Animate Dead          Necr           N/A          22%         4    N/A

Your spell library contained the following spells:

 Spells                   Type           Power        Failure   Level  Hunger
 Animate Skeleton         Necr           N/A          2%          1    N/A
 Corpse Rot               Necr           N/A          3%          2    N/A
 Vampiric Draining        Necr           ###.......   7%          3    N/A
 Regeneration             Chrm/Necr      Unusable     N/A         3    N/A

Dungeon Overview and Level Annotations

Branches:
Dungeon (3/15)

Altars:
Kikubaaqudgha
Sif Muna

Annotations:
D:3 Sigmund


Innate Abilities, Weirdness & Mutations

You do not eat or drink.
Your flesh is vulnerable to fire.
You are immune to poison.
Your flesh is cold resistant. (rC+)
You are immune to negative energy. (rN+++)
You are immune to unholy pain and torment.
You can survive without breathing.


Message History

You closely miss the jackal.
The jackal is heavily wounded.
The jackal barely misses you.
A quokka comes into view.
The jackal bites you.
* * * LOW HITPOINT WARNING * * *
The jackal bites you but does no damage.
Something hits you.
* * * LOW HITPOINT WARNING * * *
The jackal bites you but does no damage. x2
You barely miss the jackal.
You feel less confused. The jackal bites you.
* * * LOW HITPOINT WARNING * * *
The jackal closely misses you. The jackal bites you.
* * * LOW HITPOINT WARNING * * *
The jackal closely misses you. The jackal barely misses you.
The jackal completely misses you. Something hits you!
You die...
Kikubaaqudgha rasps: "You have failed me!
Welcome... oblivion!"

........#
#.........
#.........
#.r......#
#........#
#........#
#........#
#.....hhh#
#.....h@.#
#........#
##########


You could see a quokka and 4 jackals.

Vanquished Creatures
  4 adders (D:2)
  An ooze (D:3)
  A worm (D:2)
  3 dart slugs (D:1)
  A leopard gecko (D:1)
  7 goblins
  8 hobgoblins
  8 bats
  4 frilled lizards
  6 kobolds
  A rat (D:1)
44 creatures vanquished.

Notes
Turn   | Place    | Note
-------+----------+-------------------------------------------
     0 | D:1      | JustSomeDude the Mummy Necromancer began the quest for the
                  | Orb.
     0 | D:1      | Reached XP level 1. HP: 13/13 MP: 4/4
   197 | D:1      | Reached XP level 2. HP: 14/19 MP: 0/5
   531 | D:1      | Reached XP level 3. HP: 18/24 MP: 0/7
   754 | D:1      | You fall through a shaft!
  1168 | D:2      | Reached XP level 4. HP: 29/30 MP: 3/9
  1391 | D:2      | Found a deep blue altar of Sif Muna.
  1492 | D:2      | Found a faded altar of an unknown god.
  1608 | D:2      | Became a worshipper of Kikubaaqudgha
  1608 | D:2      | Reached * piety under Kikubaaqudgha
  1608 | D:2      | Identified Kikubaaqudgha's Catalogue of Necromancy
                  | (Kikubaaqudgha gifted it to you on level 2 of the Dungeon)
  1608 | D:2      | Received a gift from Kikubaaqudgha
  1626 | D:3      | Learned a level 4 spell: Animate Dead
  1687 | D:3      | Reached skill level 5 in Necromancy
  1709 | D:3      | Noticed Sigmund
  1717 | D:3      | Mangled by Sigmund

Skill      XL: |  1  2  3  4 |
---------------+-------------+-----
Spellcasting   | 3 4 |  4.2
Necromancy     | 5 |  5.0
Fighting       | |  0.2
Dodging        | |  1.8
Stealth        | |  1.6
Unarmed Combat | |  0.2

Action                   |  1- 3 |  4- 6 || total
-------------------------+-------+-------++-------
Melee: Unarmed           |    52 |     5 ||    57
 Cast: Pain              |    59 |    34 ||    93
  Use: Scroll            |       |     1 ||     1
Armor: Robe              |    27 |    10 ||    37
Dodge: Dodged            |    63 |    18 ||    81
